UNITED STATES SILVER LEAGUE
NORTHERN VIRGINIA RETRIEVERS VS CAPITOL DISTRICT TEMPLARS
04/01/2014
 
TOP OF THE 1ST
Capitol District Templars batting - Pitching for Northern Virginia Retreivers : RHP Tommy Dunn
Pitching: RHP Tommy Dunn
Batting: LHB Shane Paisley 0-0: Swinging Strike
0-1: Ball
1-1: Ball
2-1: Foul Ball, location: 2F
2-2: Ground out 6-3 (Groundball, 6)
Batting: RHB Keith Lowery 0-0: Foul Ball, location: 2F
0-1: Called Strike
0-2: Ball
1-2: Foul Ball, location: 2F
1-2: Strikes out swinging
Batting: LHB Emílio Sáenz 0-0: Called Strike
0-1: Ball
1-1: Ball
2-1: Foul Ball, location: 2F
2-2: Foul Ball, location: 2F
2-2: Ball
3-2: Foul Ball, location: 2F
3-2: DOUBLE (Flyball, 8RXD)
Batting: RHB Ricardo Cruz 0-0: Ball
1-0: Ball
2-0: Called Strike
2-1: Ball
3-1: Called Strike
3-2: Fly out, F7 (Flyball, 7M)
Top of the 1st over - 0 run(s), 1 hit(s), 0 error(s), 1 left on base; Capitol District 0 - Northern Virginia 0
BOTTOM OF THE 1ST
Northern Virginia Retreivers batting - Pitching for Capitol District Templars : LHP John Holley
Pitching: LHP John Holley
Batting: LHB Luis Robles 0-0: Foul Ball, location: 2F
0-1: Ball
1-1: Ball
2-1: Foul Ball, location: 2F
2-2: Ball
3-2: Foul Ball, location: 2F
3-2: Base on Balls
Batting: RHB Danny Spencer 0-0: Called Strike
0-1: Foul Ball, location: 2F
0-2: Ball
1-2: Ball
2-2: Ball
3-2: Strikes out swinging
Luis Robles steals 2nd base
A strikeout!
Batting: RHB Don Brown 0-0: Ball
1-0: Ball
2-0: Ball
3-0: Swinging Strike
3-1: Foul Ball, location: 2F
3-2: Base on Balls
Batting: RHB Manuel Romo 0-0: Called Strike
Luis Robles steals 3rd base
0-1: Ball
1-1: Grounds into double play, 1-6-3 (Groundball, 15)
Bottom of the 1st over - 0 run(s), 0 hit(s), 0 error(s), 2 left on base; Capitol District 0 - Northern Virginia 0
TOP OF THE 2ND
Capitol District Templars batting - Pitching for Northern Virginia Retreivers : RHP Tommy Dunn
Batting: LHB Jeff Walsh 0-0: Foul Ball, location: 2F
0-1: Ball
1-1: Foul Ball, location: 2F
1-2: Foul Ball, location: 2F
1-2: Strikes out swinging
Batting: RHB Forest Simmons 0-0: Ball
1-0: Ball
2-0: Ball
3-0: Base on Balls
Batting: RHB Wesley Osborne 0-0: Fly out, F5 (Line Drive, 56)
Batting: RHB Henry Collier 0-0: Called Strike
Throwing error on steal attempt, E2
Forest Simmons to third
0-1: Foul Ball, location: 2F
0-2: Ball
1-2: SINGLE (Line Drive, 4M)
Forest Simmons scores
Batting: LHB John Holley 0-0: Called Strike
0-1: Ball
1-1: Foul Ball, location: 2F
1-2: Ground out 4-3 (Groundball, 4)
Top of the 2nd over - 1 run(s), 1 hit(s), 1 error(s), 1 left on base; Capitol District 1 - Northern Virginia 0
BOTTOM OF THE 2ND
Northern Virginia Retreivers batting - Pitching for Capitol District Templars : LHP John Holley
Batting: RHB Jorge Gómez 0-0: Ball
1-0: Fly out, F7 (Flyball, 78D)
Batting: LHB Chris Drew 0-0: Ball
1-0: Ball
2-0: Ball
3-0: Base on Balls
Batting: LHB John Holbrook 0-0: Fielders Choice at 2nd, 6-4 (Groundball, 6)
Batting: LHB Danny Scanlan 0-0: Ground out 1-3 (Groundball, 15)
Bottom of the 2nd over - 0 run(s), 0 hit(s), 0 error(s), 1 left on base; Capitol District 1 - Northern Virginia 0
TOP OF THE 3RD
Capitol District Templars batting - Pitching for Northern Virginia Retreivers : RHP Tommy Dunn
Batting: LHB Shane Paisley 0-0: Foul Ball, location: 2F
0-1: Ball
Reached via error on receiving a throw, E1
Batting: RHB Keith Lowery 0-0: Hit by Pitch
Shane Paisley to second
Batting: LHB Emílio Sáenz 0-0: Ball
1-0: Called Strike
1-1: Called Strike
1-2: Ball
2-2: Strikes out looking
Batting: RHB Ricardo Cruz 0-0: Called Strike
0-1: Ground out 5-3 (Groundball, 5S)
Shane Paisley to third
Keith Lowery to second
Batting: LHB Jeff Walsh 0-0: Called Strike
0-1: Foul Ball, location: 2F
0-2: Foul Ball, location: 2F
0-2: Strikes out swinging
Top of the 3rd over - 0 run(s), 0 hit(s), 1 error(s), 2 left on base; Capitol District 1 - Northern Virginia 0
BOTTOM OF THE 3RD
Northern Virginia Retreivers batting - Pitching for Capitol District Templars : LHP John Holley
Batting: RHB Tommy Dunn 0-0: Foul Ball, location: 2F
0-1: Ball
1-1: Called Strike
1-2: Strikes out swinging
Batting: LHB Luis Robles 0-0: Called Strike
0-1: Ball
1-1: Ball
2-1: Fly out, F7 (Flyball, 7M)
Batting: RHB Danny Spencer 0-0: Ground out 6-3 (Groundball, 6)
Bottom of the 3rd over - 0 run(s), 0 hit(s), 0 error(s), 0 left on base; Capitol District 1 - Northern Virginia 0
TOP OF THE 4TH
Capitol District Templars batting - Pitching for Northern Virginia Retreivers : RHP Tommy Dunn
Batting: RHB Forest Simmons 0-0: Called Strike
0-1: Ball
1-1: SINGLE (Line Drive, 34)
Batting: RHB Wesley Osborne 0-0: Ball
1-0: Foul Ball, location: 2F
1-1: Swinging Strike
1-2: Ball
Throwing error on steal attempt, E2
Forest Simmons to third
2-2: Ball
3-2: Ground out 5-3 (Groundball, 5)
Batting: RHB Henry Collier 0-0: Called Strike
0-1: Ground out 5-3 (Groundball, 56)
Forest Simmons scores
Batting: LHB John Holley 0-0: Ball
1-0: Ground out 6-3 (Groundball, 6M)
Top of the 4th over - 1 run(s), 1 hit(s), 1 error(s), 0 left on base; Capitol District 2 - Northern Virginia 0
BOTTOM OF THE 4TH
Northern Virginia Retreivers batting - Pitching for Capitol District Templars : LHP John Holley
Batting: RHB Don Brown 0-0: Ball
1-0: Ball
2-0: Fly out, F6 (Line Drive, 6)
Batting: RHB Manuel Romo 0-0: Called Strike
0-1: Ball
1-1: DOUBLE (Line Drive, 5L)
Batting: RHB Jorge Gómez 0-0: Called Strike
0-1: Swinging Strike
0-2: Ball
1-2: Strikes out swinging
Batting: LHB Chris Drew 0-0: Called Strike
0-1: Ball
1-1: Ball
2-1: Ground out 1-3 (Groundball, 13)
Bottom of the 4th over - 0 run(s), 1 hit(s), 0 error(s), 1 left on base; Capitol District 2 - Northern Virginia 0
TOP OF THE 5TH
Capitol District Templars batting - Pitching for Northern Virginia Retreivers : RHP Tommy Dunn
Batting: LHB Shane Paisley 0-0: Ball
1-0: Fly out, F8 (Flyball, 89XD)
Batting: RHB Keith Lowery 0-0: Ground out 1-3 (Groundball, 15)
Batting: LHB Emílio Sáenz 0-0: Foul Ball, location: 2F
0-1: Called Strike
0-2: SINGLE (Groundball, 56D)
Batting: RHB Ricardo Cruz 0-0: Ball
Emílio Sáenz steals 2nd base
1-0: Called Strike
1-1: Ball
2-1: Fly out, F9 (Flyball, 89M)
Top of the 5th over - 0 run(s), 1 hit(s), 0 error(s), 1 left on base; Capitol District 2 - Northern Virginia 0
BOTTOM OF THE 5TH
Northern Virginia Retreivers batting - Pitching for Capitol District Templars : LHP John Holley
Batting: LHB John Holbrook 0-0: Ball
1-0: Foul Ball, location: 2F
1-1: Fly out, F8 (Line Drive, 8RM)
Batting: LHB Danny Scanlan 0-0: Ball
1-0: Swinging Strike
1-1: Swinging Strike
1-2: Foul Ball, location: 2F
1-2: Foul Ball, location: 2F
1-2: Foul Ball, location: 2F
1-2: Foul Ball, location: 2F
1-2: Foul Ball, location: 2F
1-2: Foul Ball, location: 2F
1-2: Strikes out swinging
Batting: RHB Tommy Dunn 0-0: Called Strike
0-1: Foul Ball, location: 2F
0-2: Foul Ball, location: 2F
0-2: Strikes out swinging
Bottom of the 5th over - 0 run(s), 0 hit(s), 0 error(s), 0 left on base; Capitol District 2 - Northern Virginia 0
TOP OF THE 6TH
Capitol District Templars batting - Pitching for Northern Virginia Retreivers : RHP Tommy Dunn
Batting: LHB Jeff Walsh 0-0: Ground out U3 (Groundball, 3)
Batting: RHB Forest Simmons 0-0: Ball
1-0: Called Strike
1-1: Called Strike
1-2: Foul Ball, location: 2F
1-2: Ball
2-2: Ball
3-2: Foul Ball, location: 2F
3-2: Foul Ball, location: 2F
3-2: Ground out 3-1 (Groundball, 34)
Batting: RHB Wesley Osborne 0-0: Ball
1-0: Called Strike
1-1: Ball
2-1: Foul Ball, location: 2F
2-2: Foul Ball, location: 2F
2-2: DOUBLE (Flyball, 89M)
Batting: RHB Henry Collier 0-0: Intentional Walk
Batting: LHB John Holley 0-0: Swinging Strike
0-1: Foul Ball, location: 2F
0-2: Strikes out swinging
Top of the 6th over - 0 run(s), 1 hit(s), 0 error(s), 2 left on base; Capitol District 2 - Northern Virginia 0
BOTTOM OF THE 6TH
Northern Virginia Retreivers batting - Pitching for Capitol District Templars : LHP John Holley
Batting: LHB Luis Robles 0-0: Called Strike
0-1: Ball
1-1: Foul Ball, location: 2F
1-2: Strikes out swinging
Batting: RHB Danny Spencer 0-0: Called Strike
0-1: Ball
1-1: Fly out, F8 (Flyball, 8RM)
Batting: RHB Don Brown 0-0: Ball
1-0: Called Strike
1-1: Called Strike
1-2: Fly out, F7 (Flyball, 7M)
Bottom of the 6th over - 0 run(s), 0 hit(s), 0 error(s), 0 left on base; Capitol District 2 - Northern Virginia 0
TOP OF THE 7TH
Capitol District Templars batting - Pitching for Northern Virginia Retreivers : RHP Tommy Dunn
Batting: LHB Shane Paisley 0-0: Fly out, F5 (Popup, 5F)
Batting: RHB Keith Lowery 0-0: Fly out, F4 (Popup, 3DF)
Batting: LHB Emílio Sáenz 0-0: Ground out 6-3 (Groundball, 6)
Top of the 7th over - 0 run(s), 0 hit(s), 0 error(s), 0 left on base; Capitol District 2 - Northern Virginia 0
BOTTOM OF THE 7TH
Northern Virginia Retreivers batting - Pitching for Capitol District Templars : LHP John Holley
Batting: RHB Manuel Romo 0-0: Ground out 5-3 (Groundball, 15S)
Batting: RHB Jorge Gómez 0-0: Called Strike
0-1: Ground out 6-3 (Groundball, 6)
Batting: LHB Chris Drew 0-0: Ball
1-0: Ball
2-0: Swinging Strike
2-1: Ball
3-1: Foul Ball, location: 2F
3-2: Fly out, F6 (Popup, 7S)
Bottom of the 7th over - 0 run(s), 0 hit(s), 0 error(s), 0 left on base; Capitol District 2 - Northern Virginia 0
TOP OF THE 8TH
Capitol District Templars batting - Pitching for Northern Virginia Retreivers : RHP Tommy Dunn
Batting: RHB Ricardo Cruz 0-0: Foul Ball, location: 2F
0-1: Ball
1-1: Ball
2-1: SINGLE (Groundball, 34D)
Batting: LHB Jeff Walsh 0-0: Called Strike
0-1: Foul Ball, location: 2F
0-2: Strikes out swinging
Pitching: RHP Derek Wolton
Now at 2B: Jim Chaffe
Batting: RHB Forest Simmons 0-0: Ball
1-0: Ball
2-0: Fly out, F3 (Popup, 3)
Batting: RHB Wesley Osborne 0-0: Ball
1-0: Called Strike
1-1: Swinging Strike
1-2: Strikes out swinging
Top of the 8th over - 0 run(s), 1 hit(s), 0 error(s), 1 left on base; Capitol District 2 - Northern Virginia 0
BOTTOM OF THE 8TH
Northern Virginia Retreivers batting - Pitching for Capitol District Templars : LHP John Holley
Now at SS: Harry Fuller
Batting: LHB John Holbrook 0-0: Called Strike
0-1: Called Strike
0-2: Ball
1-2: Ball
2-2: Strikes out swinging
Batting: LHB Danny Scanlan 0-0: Ball
1-0: Ball
2-0: Ball
3-0: Base on Balls
Batting: LHB Jim Chaffe 0-0: Fielders Choice at 2nd, 3-6 (Groundball, 3)
Batting: LHB Luis Robles 0-0: Ground out 4-3 (Groundball, 34)
Bottom of the 8th over - 0 run(s), 0 hit(s), 0 error(s), 1 left on base; Capitol District 2 - Northern Virginia 0
TOP OF THE 9TH
Capitol District Templars batting - Pitching for Northern Virginia Retreivers : RHP Derek Wolton
Pitching: LHP Gil Myers
Now in LF: Scott Boardman
Batting: RHB Henry Collier 0-0: Called Strike
0-1: Ball
1-1: Called Strike
1-2: Strikes out swinging
Pinch Hitting: RHB Bert Keller 0-0: Called Strike
0-1: Ball
1-1: Foul Ball, location: 2F
1-2: DOUBLE (Line Drive, 7LS)
Batting: LHB Shane Paisley 0-0: SINGLE (Line Drive, 89M)
Bert Keller to third
Runner from 3rd tries for Home, throw and OUT!
Shane Paisley to second
Batting: RHB Keith Lowery 0-0: Ball
1-0: Swinging Strike
1-1: Ball
2-1: Called Strike
2-2: Strikes out looking
Top of the 9th over - 0 run(s), 2 hit(s), 0 error(s), 1 left on base; Capitol District 2 - Northern Virginia 0
BOTTOM OF THE 9TH
Northern Virginia Retreivers batting - Pitching for Capitol District Templars : LHP John Holley
Pitching: LHP Augusto Jaramillo
Batting: LHB Scott Boardman 0-0: SINGLE (Flyball, 7S) - OUT at second base trying to stretch hit.
Batting: RHB Don Brown 0-0: Ball
1-0: Foul Ball, location: 2F
1-1: Ball
2-1: Ball
3-1: SINGLE (Popup, 34S)
Batting: RHB Manuel Romo 0-0: Foul Ball, location: 2F
0-1: Swinging Strike
0-2: Strikes out looking
Batting: RHB Jorge Gómez 0-0: Fly out, F8 (Flyball, 8RD)
Bottom of the 9th over - 0 run(s), 2 hit(s), 0 error(s), 1 left on base; Capitol District 2 - Northern Virginia 0
This league is powered by Out of the Park Baseball, the baseball management simulation game for PC, Mac and Linux
Thursday, April 24th, 2014 - OOTP Baseball 14.6 Build 33